 Dungeon Crawl Stone Soup version 0.17-a0-1115-g0372368 (webtiles) character file.

528 Lugonue the Poker (level 7, 0/50 HPs)
             Began as a Merfolk Skald on May 22, 2015.
             Slain by Menkaure (14 damage)
             ... on level 4 of the Dungeon.
             The game lasted 00:19:25 (4785 turns).

Lugonue the Poker (Merfolk Skald)                   Turns: 4785, Time: 00:19:25

Health: 0/50       AC:  6    Str: 14    XL:     7   Next: 23%
Magic:  2/10       EV: 15    Int: 14    God:
Gold:   57         SH:  0    Dex: 14    Spells: 4 memorised, 2 levels left

rFire  . . .     SeeInvis .     a - +0 spear
rCold  . . .     Clarity  .     b - +0 leather armour
rNeg   . . .     SustAt   .     (no shield)
rPois  .         Gourm    .     g - +1 hat
rElec  .         Spirit   .     (no cloak)
rCorr  .         Warding  .     r - +1 pair of gloves
rMut   .         Stasis   +     (no boots)
MR     .....                    p - amulet of stasis
Stlth  +.........               (no ring)
                                h - +3 ring of intelligence

@: shrouded, infused, very slightly contaminated, not resistant to hostile
enchantments, very unstealthy
A: change form in water, swift swim
a: no special abilities


You were on level 4 of the Dungeon.
You were not hungry.

You visited 1 branch of the dungeon, and saw 5 of its levels.

You collected 169 gold pieces.
You spent 112 gold pieces at shops.

Inventory:

Hand weapons
 a - a +0 spear (weapon)
Armour
 b - a +0 leather armour (worn)
 g - a +1 hat (worn)
 r - a +1 pair of gloves (worn)
Jewellery
 h - a +3 ring of intelligence (left hand)
 p - an amulet of stasis (around neck)
Potions
 l - a potion of brilliance
 o - a potion of mutation
 s - a potion of cure mutation {unknown}
Books
 c - a book of Battle

   Spells                             Type                      Level
   a - Infusion                       Charms                       1
   b - Shroud of Golubria             Charms/Translocation         2
   c - Song of Slaying                Charms                       2
   d - Spectral Weapon                Hexes/Charms                 3
   e - Regeneration                   Charms/Necromancy            3
Comestibles
 d - 4 bread rations
 i - 3 meat rations


   Skills:
 - Level 2.1 Fighting
 - Level 7.6 Polearms
 - Level 0.6 Armour
 + Level 7.3 Dodging
 + Level 2.0 Spellcasting
 + Level 3.3 Charms


You had 2 spell levels left.
You knew the following spells:

 Your Spells              Type           Power        Failure   Level  Hunger
a - Infusion              Chrm           ##....       10%         1    ##.....
b - Shroud of Golubria    Chrm/Tloc      #.........   24%         2    ###....
c - Song of Slaying       Chrm           ##......     14%         2    ###....
d - Regeneration          Chrm/Necr      #.........   50%         3    ####...


Dungeon Overview and Level Annotations

Branches:
Dungeon (5/15)
 Temple: D:4-7

Altars:
Elyvilon
Yredelemnul

Shops:
D:4 !

Annotations:
D:4 Menkaure
D:5 Pikel


Message History

Confirm with . or Enter, or press ? or * to list all spells.
You begin infusing your attacks with magical energy.
Menkaure hums a few words.
Menkaure barely misses you.
You are too injured to fight recklessly!
You are too injured to fight recklessly!
You are too injured to fight recklessly!
Attack whom?
Press: ? - help, Dir - move target cursor, f - Menkaure
Aim: Menkaure (lightly damaged, fast)
You hit Menkaure.
Menkaure is moderately damaged.
Menkaure barely misses you.
Attack whom?
Press: ? - help, Dir - move target cursor, f/p - Menkaure
Aim: Menkaure (moderately damaged, fast)
You barely miss Menkaure.
Menkaure is moderately damaged.
Menkaure hits you!
You die...

#...# ###### #...# #.....
#...# #..... #### #...#
#..... #... #...# #>..[.
#... #...# #..... ####...
#...### ##..... ....[..
#.....# #...... .....(.
#.@...# #......
.......####M..#######......
......)'.K'...'............
....M..####...#####.#.#####
..).... ###### #.#.#....
....... ..# #.#.#....
....### .. #.#.#.... ....
#.##'#.#.... ..#
#.#....')...


You could see Menkaure.

Vanquished Creatures
  2 scorpions (D:4)
  A hound (D:4)
  2 orc wizards (D:4)
  3 orc priests (D:4)
  A giant frog skeleton (D:4)
  8 adders
  5 gnolls
  An ooze (D:3)
  2 worms (D:2)
  4 orcs (D:4)
  4 ball pythons
  11 hobgoblins
  3 quokkas
  A ball python skeleton (D:4)
  10 bats
  7 giant cockroaches
  2 giant geckos
  3 giant newts
  16 goblins
  9 kobolds
  11 rats
106 creatures vanquished.

Vanquished Creatures (others)
  A quokka (D:2)
1 creature vanquished.

Grand Total: 107 creatures vanquished

Notes
Turn   | Place    | Note
--------------------------------------------------------------
     0 | D:1      | Lugonue the Merfolk Skald began the quest for the Orb.
     0 | D:1      | Reached XP level 1. HP: 16/16 MP: 3/3
   118 | D:1      | Reached XP level 2. HP: 20/22 MP: 5/5
   144 | D:1      | Reached skill level 4 in Polearms
   507 | D:1      | Reached XP level 3. HP: 22/27 MP: 6/6
   597 | D:1      | Learned a level 2 spell: Shroud of Golubria
   600 | D:1      | Learned a level 2 spell: Song of Slaying
  1015 | D:2      | Reached skill level 5 in Polearms
  1058 | D:2      | Reached XP level 4. HP: 14/33 MP: 1/7
  2145 | D:2      | Reached skill level 6 in Polearms
  2156 | D:2      | Reached XP level 5. HP: 36/38 MP: 4/8
  2292 | D:2      | Found a white marble altar of Elyvilon.
  2675 | D:3      | Found a basalt altar of Yredelemnul.
  3040 | D:4      | Reached skill level 5 in Dodging
  3111 | D:4      | Found Hyec's Distillery.
  3319 | D:3      | Learned a level 3 spell: Regeneration
  3373 | D:4      | Reached XP level 6. HP: 8/44 MP: 2/9
  3426 | D:4      | Bought a potion of heal wounds for 70 gold pieces
  3426 | D:4      | Bought a potion of curing for 42 gold pieces
  3742 | D:4      | Reached skill level 7 in Polearms
  4082 | D:5      | Entered Level 5 of the Dungeon
  4082 | D:5      | Noticed Pikel
  4147 | D:4      | Reached XP level 7. HP: 12/50 MP: 5/10
  4765 | D:4      | Noticed Menkaure
  4785 | D:4      | Slain by Menkaure

Vault maps used:
D:1:      onia_arrival_larder
D:2:      elyvilon_altar_4, uniq_robin
D:3:      old_standard_altar
D:4:      first_bread, serial_shops, shop, st_stairs_6, minmay_statues_item,
          uniq_menkaure
D:5:      uniq_pikel

Action                   |  1- 3 |  4- 6 |  7- 9 || total
-------------------------+-------+-------+-------++-------
Melee: Spear             |   136 |   395 |    61 ||   592
 Cast: Shroud of Golubri |     2 |    15 |     4 ||    21
       Song of Slaying   |     2 |     6 |       ||     8
       Infusion          |     1 |     4 |     2 ||     7
 Abil: Stop Singing      |     1 |     2 |       ||     3
  Use: Potion            |       |     4 |     1 ||     5
       Scroll            |       |     8 |       ||     8
 Stab: Sleeping          |     2 |     1 |       ||     3
  Eat: Meat ration       |       |     1 |       ||     1
       Chunk             |       |     6 |       ||     6
       Beef jerky        |       |     1 |       ||     1
       Bread ration      |       |     1 |       ||     1
